[ AOE2 MATCH · #484847172 ]
1v1 RMPersians vs Maya
Player's team · LOSS
Rival team · WIN
[ REPLAY ANALYSIS · EXTRACTED FROM THE RECORDED GAME ]
Feudal
8:49
Castle
20:48
Imperial
—
| APM avg | 50.4 |
| APM peak | 123 |
| eAPM avg | 22.0 |
| Villagers / military | 100 / 41 |
Focus
⚔️ 26.9% · 🌾 73.1%
Knight ×35 · Scout Cavalry ×6
Feudal
13:30
Castle
18:29
Imperial
—
| APM avg | 27.3 |
| APM peak | 87 |
| eAPM avg | 14.4 |
| Villagers / military | 66 / 106 |
Focus
⚔️ 41.8% · 🌾 58.2%
Eagle Scout ×67 · Spearman ×29 · Battering Ram ×5 · Militia ×4 · Monk ×1
Match map
Initial resources + every placement click. Lines = walls · curves = elevation contours. ◆ gold · ⬟ stone · ● berries · ✦ relic · ◌ wall gap
Your base· Open — opponent sealed themselves in
DS_Gitano Urbano's base· ✓ Closed at 18:29 · 70t walls · no gate
Smoothed initial terrain · ◌ = detected wall gap · hover for details
Inputs per minute
— DS_Atore - - DS_Gitano Urbano
Build order — DS_Atore
First 150 of 219 actions detected
| 0:00 | Create | Villager (Male) |
| 0:01 | Create | Villager (Male) |
| 0:01 | Create | Villager (Male) |
| 0:01 | Create | Villager (Male) |
| 0:01 | Create | Villager (Male) |
| 0:04 | Build | House |
| 0:06 | Build | House |
| 1:27 | Create | Villager (Male) |
| 1:27 | Create | Villager (Male) |
| 1:42 | Build | Mill |
| 2:01 | Create | Villager (Male) |
| 2:01 | Create | Villager (Male) |
| 2:18 | Create | Villager (Male) |
| 2:49 | Create | Villager (Male) |
| 2:49 | Create | Villager (Male) |
| 3:07 | Create | Villager (Male) |
| 3:07 | Create | Villager (Male) |
| 3:26 | Create | Villager (Male) |
| 3:29 | Create | Villager (Male) |
| 3:29 | Create | Villager (Male) |
| 3:46 | Build | House |
| 4:26 | Create | Villager (Male) |
| 4:26 | Create | Villager (Male) |
| 4:27 | Create | Villager (Male) |
| 4:27 | Create | Villager (Male) |
| 4:38 | Build | Lumber Camp |
| 4:39 | Create | Villager (Male) |
| 4:40 | Create | Villager (Male) |
| 5:01 | Create | Villager (Male) |
| 5:01 | Create | Villager (Male) |
| 5:15 | Research | Loom |
| 6:45 | Research | Feudal Age |
| 7:20 | Build | House |
| 7:49 | Build | Barracks |
| 8:08 | Build | Palisade Wall |
| 8:15 | Build | Palisade Wall |
| 8:46 | Create | Villager (Male) |
| 8:49 | Age | Feudal Age |
| 8:53 | Build | Stable |
| 8:57 | Research | Double-Bit Axe |
| 9:02 | Build | House |
| 9:05 | Build | Palisade Wall |
| 9:10 | Create | Villager (Male) |
| 9:15 | Build | Palisade Wall |
| 9:16 | Build | Palisade Wall |
| 9:17 | Build | Palisade Wall |
| 9:18 | Build | Palisade Wall |
| 9:19 | Build | Palisade Wall |
| 9:20 | Build | Palisade Wall |
| 9:20 | Build | Palisade Wall |
| 9:22 | Build | Palisade Wall |
| 9:25 | Create | Villager (Male) |
| 9:29 | Build | Palisade Wall |
| 9:30 | Build | Palisade Wall |
| 9:41 | Create | Scout Cavalry |
| 9:41 | Create | Scout Cavalry |
| 10:03 | Build | Mill |
| 10:04 | Create | Villager (Male) |
| 10:25 | Create | Villager (Male) |
| 10:33 | Build | Farm |
| 11:04 | Build | Farm |
| 11:13 | Create | Villager (Male) |
| 11:13 | Create | Villager (Male) |
| 11:27 | Create | Scout Cavalry |
| 11:36 | Build | Farm |
| 11:46 | Create | Villager (Male) |
| 11:46 | Create | Villager (Male) |
| 11:48 | Build | Farm |
| 12:05 | Create | Villager (Male) |
| 12:12 | Build | Farm |
| 12:17 | Build | House |
| 12:18 | Build | Palisade Wall |
| 12:20 | Build | Palisade Wall |
| 12:24 | Build | Palisade Wall |
| 12:37 | Create | Villager (Male) |
| 12:38 | Create | Scout Cavalry |
| 12:54 | Build | Farm |
| 12:56 | Build | Farm |
| 13:05 | Create | Villager (Male) |
| 13:15 | Build | Watch Tower |
| 13:23 | Create | Scout Cavalry |
| 13:23 | Create | Villager (Male) |
| 13:27 | Create | Villager (Male) |
| 13:33 | Build | Farm |
| 14:01 | Build | Watch Tower |
| 14:03 | Create | Villager (Male) |
| 14:04 | Create | Scout Cavalry |
| 14:09 | Build | Farm |
| 14:10 | Create | Villager (Male) |
| 14:18 | Build | House |
| 14:20 | Build | Palisade Wall |
| 14:30 | Build | Farm |
| 14:38 | Create | Villager (Male) |
| 14:42 | Build | House |
| 14:57 | Create | Villager (Male) |
| 15:04 | Create | Villager (Male) |
| 15:16 | Create | Villager (Male) |
| 15:38 | Build | Market |
| 15:47 | Build | Palisade Wall |
| 15:48 | Build | Palisade Wall |
| 15:49 | Build | Palisade Wall |
| 15:50 | Build | Palisade Wall |
| 15:50 | Build | Palisade Wall |
| 16:40 | Create | Villager (Male) |
| 16:46 | Build | Mining Camp |
| 17:25 | Create | Villager (Male) |
| 17:34 | Build | House |
| 17:39 | Build | Stable |
| 17:43 | Build | Palisade Wall |
| 17:47 | Create | Villager (Male) |
| 18:10 | Create | Villager (Male) |
| 18:23 | Research | Castle Age |
| 18:23 | Research | Castle Age |
| 18:30 | Build | House |
| 18:53 | Build | House |
| 19:30 | Build | House |
| 19:38 | Build | House |
| 20:02 | Build | Blacksmith |
| 20:39 | Build | House |
| 20:48 | Age | Castle Age |
| 20:59 | Create | Knight ×5 |
| 21:00 | Create | Villager (Male) ×2 |
| 21:15 | Build | Town Center |
| 21:21 | Create | Villager (Male) |
| 21:21 | Create | Villager (Male) |
| 21:53 | Create | Knight |
| 21:53 | Create | Knight |
| 22:12 | Create | Knight |
| 22:25 | Build | House |
| 22:42 | Research | Scale Barding Armor |
| 22:50 | Create | Knight |
| 23:00 | Create | Knight |
| 23:07 | Build | House |
| 23:12 | Build | House |
| 23:20 | Create | Knight |
| 23:20 | Create | Villager (Male) ×2 |
| 23:56 | Create | Knight |
| 23:57 | Create | Villager (Male) ×3 |
| 24:21 | Create | Knight |
| 24:21 | Create | Knight |
| 24:34 | Create | Villager (Male) ×2 |
| 24:38 | Create | Knight |
| 24:45 | Research | Forging |
| 24:55 | Create | Villager (Male) ×3 |
| 25:15 | Build | House |
| 25:21 | Create | Knight |
| 25:42 | Create | Knight |
| 25:42 | Create | Knight |
| 26:04 | Create | Villager (Male) ×2 |
| 26:20 | Build | Town Center |
Build order — DS_Gitano Urbano
First 150 of 215 actions detected
| 0:00 | Create | Villager (Male) ×3 |
| 0:02 | Build | House |
| 0:04 | Research | Loom |
| 0:06 | Build | House |
| 0:10 | Create | Villager (Male) |
| 0:10 | Create | Villager (Male) |
| 0:11 | Create | Villager (Male) |
| 1:09 | Build | Lumber Camp |
| 1:33 | Create | Villager (Male) |
| 2:09 | Create | Villager (Male) |
| 2:30 | Create | Villager (Male) |
| 2:48 | Create | Villager (Male) |
| 3:09 | Create | Villager (Male) |
| 3:33 | Create | Villager (Male) |
| 3:52 | Build | House |
| 4:07 | Create | Villager (Male) |
| 4:22 | Build | House |
| 4:29 | Create | Villager (Male) |
| 4:49 | Build | Barracks |
| 5:03 | Create | Villager (Male) |
| 5:20 | Create | Villager (Male) |
| 5:43 | Create | Militia |
| 5:43 | Create | Militia |
| 5:48 | Create | Militia |
| 5:51 | Create | Villager (Male) |
| 6:05 | Build | Mill |
| 6:07 | Create | Villager (Male) |
| 6:41 | Create | Villager (Male) |
| 7:02 | Build | House |
| 7:05 | Build | House |
| 7:08 | Build | Palisade Wall |
| 7:10 | Create | Villager (Male) |
| 7:29 | Create | Villager (Male) |
| 7:38 | Build | Mill |
| 7:45 | Build | House |
| 7:51 | Create | Villager (Male) |
| 8:10 | Create | Villager (Male) |
| 8:14 | Create | Villager (Male) |
| 8:45 | Create | Villager (Male) |
| 8:58 | Create | Villager (Male) |
| 9:00 | Build | House |
| 9:03 | Build | Palisade Wall |
| 9:07 | Build | House |
| 9:09 | Build | Palisade Wall |
| 9:10 | Create | Villager (Male) |
| 9:14 | Build | House |
| 9:17 | Build | Palisade Wall |
| 9:20 | Build | Palisade Wall |
| 9:22 | Create | Villager (Male) |
| 9:41 | Create | Villager (Male) |
| 9:51 | Create | Villager (Male) |
| 10:08 | Build | Mining Camp |
| 10:42 | Create | Villager (Male) |
| 11:06 | Build | House |
| 11:16 | Research | Feudal Age |
| 11:41 | Build | Palisade Wall |
| 12:02 | Build | Farm |
| 12:03 | Build | Farm |
| 12:03 | Build | Farm |
| 12:03 | Build | Farm |
| 12:08 | Build | Farm |
| 12:10 | Build | Farm |
| 12:16 | Build | Farm |
| 12:33 | Build | Lumber Camp |
| 13:06 | Build | Palisade Wall |
| 13:08 | Build | Palisade Wall |
| 13:10 | Build | Palisade Wall |
| 13:16 | Create | Villager (Male) |
| 13:16 | Create | Villager (Male) |
| 13:30 | Age | Feudal Age |
| 13:33 | Build | Market |
| 13:37 | Create | Villager (Male) |
| 13:45 | Build | Palisade Wall |
| 13:54 | Build | Blacksmith |
| 13:57 | Create | Villager (Male) |
| 14:03 | Build | Palisade Wall |
| 14:04 | Build | Palisade Wall |
| 14:06 | Build | Palisade Wall |
| 14:07 | Build | Palisade Wall |
| 14:08 | Build | Palisade Wall |
| 14:17 | Build | Farm |
| 14:17 | Build | Farm |
| 15:24 | Create | Villager (Male) |
| 15:26 | Build | Palisade Wall |
| 15:38 | Build | Mining Camp |
| 15:42 | Research | Castle Age |
| 15:55 | Build | Barracks |
| 16:00 | Build | House |
| 16:04 | Build | House |
| 16:47 | Build | Barracks |
| 16:50 | Build | Palisade Wall |
| 17:00 | Research | Scale Mail Armor |
| 17:02 | Create | Eagle Scout |
| 17:02 | Create | Eagle Scout |
| 17:16 | Research | Horse Collar |
| 17:19 | Research | Double-Bit Axe |
| 17:34 | Create | Eagle Scout |
| 17:37 | Research | Forging |
| 17:45 | Create | Eagle Scout |
| 18:06 | Create | Eagle Scout |
| 18:06 | Create | Eagle Scout |
| 18:12 | Create | Villager (Male) |
| 18:16 | Create | Eagle Scout |
| 18:16 | Create | Eagle Scout |
| 18:29 | Age | Castle Age |
| 19:11 | Create | Eagle Scout ×3 |
| 19:36 | Research | Squires |
| 19:55 | Create | Eagle Scout ×3 |
| 19:57 | Create | Villager (Male) |
| 19:57 | Create | Villager (Male) |
| 20:07 | Research | Arson |
| 20:23 | Create | Villager (Male) |
| 20:42 | Create | Eagle Scout ×3 |
| 20:49 | Build | Farm |
| 21:07 | Research | Eagle Warrior (upgrade) |
| 21:18 | Create | Eagle Scout ×2 |
| 21:19 | Create | Villager (Male) |
| 21:21 | Create | Villager (Male) |
| 21:24 | Build | House |
| 21:27 | Build | Mining Camp |
| 21:28 | Create | Villager (Male) |
| 21:33 | Build | Farm |
| 21:59 | Create | Eagle Scout ×4 |
| 22:00 | Create | Villager (Male) |
| 22:28 | Create | Villager (Male) |
| 22:30 | Create | Eagle Scout ×2 |
| 22:49 | Create | Eagle Scout ×3 |
| 22:59 | Build | Farm |
| 23:06 | Build | Palisade Gate |
| 23:08 | Build | Palisade Wall |
| 23:09 | Build | Palisade Wall |
| 23:23 | Create | Eagle Scout ×5 |
| 23:26 | Build | House |
| 23:58 | Create | Eagle Scout ×5 |
| 23:59 | Create | Villager (Male) |
| 24:21 | Create | Villager (Male) |
| 24:31 | Create | Villager (Male) |
| 24:43 | Build | Mining Camp |
| 24:45 | Build | House |
| 24:46 | Build | House |
| 24:46 | Build | House |
| 24:52 | Create | Eagle Scout |
| 24:57 | Create | Villager (Male) |
| 25:16 | Create | Villager (Male) |
| 25:25 | Create | Villager (Male) |
| 25:29 | Build | Farm |
| 25:30 | Build | Farm |
| 25:30 | Build | Farm |
| 25:30 | Build | Farm |
| 25:32 | Build | Farm |
Match timeline
| 4:49 | DS_Gitano Urbano · first_building Barracks |
| 7:08 | DS_Gitano Urbano · wall_segment Palisade Wall x4 |
| 7:49 | DS_Atore · first_building Barracks |
| 8:08 | DS_Atore · wall_segment Palisade Wall x1 |
| 8:15 | DS_Atore · wall_segment Palisade Wall x1 |
| 8:49 | DS_Atore · age_up feudal |
| 8:53 | DS_Atore · first_building Stable |
| 9:03 | DS_Gitano Urbano · wall_segment Palisade Wall x13 |
| 9:05 | DS_Atore · wall_segment Palisade Wall x8 |
| 9:09 | DS_Gitano Urbano · wall_segment Palisade Wall x11 |
| 9:15 | DS_Atore · wall_segment Palisade Wall x1 |
| 9:16 | DS_Atore · wall_segment Palisade Wall x1 |
| 9:17 | DS_Atore · wall_segment Palisade Wall x1 |
| 9:17 | DS_Gitano Urbano · wall_segment Palisade Wall x16 |
| 9:18 | DS_Atore · wall_segment Palisade Wall x1 |
| 9:19 | DS_Atore · wall_segment Palisade Wall x1 |
| 9:20 | DS_Gitano Urbano · wall_segment Palisade Wall x15 |
| 9:20 | DS_Atore · wall_segment Palisade Wall x1 |
| 9:20 | DS_Atore · wall_segment Palisade Wall x1 |
| 9:22 | DS_Atore · wall_segment Palisade Wall x1 |
| 9:29 | DS_Atore · wall_segment Palisade Wall x1 |
| 9:30 | DS_Atore · wall_segment Palisade Wall x1 |
| 11:41 | DS_Gitano Urbano · wall_segment Palisade Wall x1 |
| 12:18 | DS_Atore · wall_segment Palisade Wall x3 |
| 12:20 | DS_Atore · wall_segment Palisade Wall x3 |
| 12:24 | DS_Atore · wall_segment Palisade Wall x9 |
| 13:06 | DS_Gitano Urbano · wall_segment Palisade Wall x1 |
| 13:08 | DS_Gitano Urbano · wall_segment Palisade Wall x1 |
| 13:10 | DS_Gitano Urbano · wall_segment Palisade Wall x1 |
| 13:30 | DS_Gitano Urbano · age_up feudal |
| 13:45 | DS_Gitano Urbano · wall_segment Palisade Wall x1 |
| 14:03 | DS_Gitano Urbano · wall_segment Palisade Wall x1 |
| 14:04 | DS_Gitano Urbano · wall_segment Palisade Wall x1 |
| 14:06 | DS_Gitano Urbano · wall_segment Palisade Wall x1 |
| 14:07 | DS_Gitano Urbano · wall_segment Palisade Wall x1 |
| 14:08 | DS_Gitano Urbano · wall_segment Palisade Wall x1 |
| 14:20 | DS_Atore · wall_segment Palisade Wall x4 |
| 15:26 | DS_Gitano Urbano · wall_segment Palisade Wall x2 |
| 15:47 | DS_Atore · wall_segment Palisade Wall x1 |
| 15:48 | DS_Atore · wall_segment Palisade Wall x1 |
| 15:49 | DS_Atore · wall_segment Palisade Wall x2 |
| 15:50 | DS_Atore · wall_segment Palisade Wall x2 |
| 15:50 | DS_Atore · wall_segment Palisade Wall x2 |
| 16:36 | DS_Gitano Urbano · first_market_buy 100 wood |
| 16:50 | DS_Gitano Urbano · wall_segment Palisade Wall x1 |
| 17:43 | DS_Atore · wall_segment Palisade Wall x1 |
| 18:13 | DS_Atore · first_market_sell 100 wood |
| 18:29 | DS_Gitano Urbano · age_up castle |
| 20:48 | DS_Atore · age_up castle |
| 21:01 | DS_Gitano Urbano · first_market_sell 500 wood |
| 21:10 | DS_Atore · first_market_buy 100 stone |
| 23:08 | DS_Gitano Urbano · wall_segment Palisade Wall x2 |
| 23:09 | DS_Gitano Urbano · wall_segment Palisade Wall x4 |
| 27:04 | DS_Atore · wall_segment Palisade Wall x6 |
| 27:07 | DS_Atore · wall_segment Palisade Wall x1 |
| 27:18 | DS_Gitano Urbano · first_building Monastery |
| 28:10 | DS_Gitano Urbano · first_building Siege Workshop |
| 30:06 | DS_Gitano Urbano · wall_segment Palisade Wall x6 |
| 30:06 | DS_Atore · wall_segment Palisade Wall x1 |
| 30:17 | DS_Gitano Urbano · wall_segment Palisade Wall x1 |
| 32:32 | DS_Gitano Urbano · wall_segment Palisade Wall x1 |
| 32:38 | DS_Gitano Urbano · wall_segment Palisade Wall x1 |
| 34:59 | DS_Atore · resign |
[ AI ANALYSIS · 1 CREDIT ]
What really happened in this match?
Wolo.gg analyzes every decision: build order, eco, micro, common mistakes by bracket. Personalized analysis on WhatsApp or Discord in 30 seconds.
Civ guide
Persians
Map guide
Arabia
Perfil
Jugador #17798921